 Dungeon Crawl Stone Soup version 0.28-a0-537-g3bccd9ccbf (webtiles) character file.

Game seed: 10795119644476509388

258 meatgazer the Shield-Bearer (level 5, -4/41 HPs)
             Began as a Demonspawn Abyssal Knight on Sept 27, 2021.
             Was a Believer of Lugonu.
             Killed from afar by an orc wizard (5 damage)
             ... with a puff of flame
             ... on level 3 of the Dungeon.
             The game lasted 00:11:39 (4089 turns).

meatgazer the Shield-Bearer (DsAK)                  Turns: 4089, Time: 00:11:40

Health: -4/41      AC:  6    Str: 14 (15) XL:     5   Next: 94%
Magic:  7/7        EV: 11    Int: 11      God:    Lugonu [**....]
Gold:   95         SH:  0    Dex: 13      Spells: 4/4 levels left

rFire   . . .      SeeInvis +   a - +3 spear
rCold   . . .      Faith    .   d - +0 buckler of the Maze {rCorr SInv}
rNeg    . . .      Spirit   .   b - +0 leather armour
rPois   .          Reflect  .   j - +0 helmet
rElec   .          Harm     .   (no cloak)
rCorr   +          Rampage  .   (no gloves)
Will    .....                   e - +1 pair of boots
Stlth   +.........              (no amulet)
HPRegen 0.13/turn               (no ring)
MPRegen 0.20/turn               (no ring)

@: confused
A: magic regeneration
a: Renounce Religion, Depart the Abyss, Bend Space


You were on level 3 of the Dungeon.
You worshipped Lugonu.
Lugonu was pleased with you.
You visited 1 branch of the dungeon, and saw 3 of its levels.
You visited the Abyss 1 time.

You collected 185 gold pieces.
You spent 90 gold pieces at shops.

Inventory:

Hand Weapons
 a - a +3 spear (weapon)
 f - a +2 scythe of protection
Armour
 b - a +0 leather armour (worn)
 d - the +0 buckler of the Maze (worn) {rCorr SInv}
   (You found it on level 2 of the Abyss)

   SInv:      It lets you see invisible.
   rCorr:     It protects you from acid and corrosion.
 e - a +1 pair of boots (worn)
 j - a +0 helmet (worn)
Scrolls
 c - a scroll of blinking
 g - 3 scrolls of identify
 i - a scroll of teleportation {unknown}
Potions
 h - 2 potions of curing


   Skills:
 + Level 3.1 Fighting
 + Level 2.0 Polearms
 - Level 1.7 Armour
 - Level 0.8 Dodging
 - Level 5.0 Shields
 * Level 3.1 Invocations


You had 4 spell levels left.
You didn't know any spells.
Your spell library contained the following spells:

 Spells                   Type           Power      Damage    Failure   Level
 Slow                     Hex            0%         N/A       54%         2
 Confusing Touch          Hex            0%         N/A       78%         3
 Vampiric Draining        Necr           0%         2d6       78%         3


Dungeon Overview and Level Annotations

Branches:
Dungeon (3/15)

Altars:

Shops:
D:3 ?


Innate Abilities, Weirdness & Mutations

You regenerate magic rapidly.


Message History

You hit the orc wizard.
The orc wizard is heavily wounded.
The orc wizard barely misses you.
The orc wizard hits you but does no damage.
The orc wizard closely misses you.
The orc wizard points at you and mumbles some strange words.
The orc wizard appears confused.
The orc wizard barely misses the orc wizard.
You closely miss the orc wizard.
The orc wizard is heavily wounded.
The orc wizard completely misses you. The orc wizard barely misses you.
You hit the orc wizard.
The orc wizard is severely wounded.
The orc wizard completely misses you.
The orc wizard drinks a potion.
The orc wizard is healed!
The orc wizard points at you and mumbles some strange words.
You are more confused.
You hit the orc wizard.
The orc wizard is almost dead.
The orc wizard hits you with a +0 dagger.
* * * LOW HITPOINT WARNING * * *
The orc wizard seems less confused.
The orc wizard gestures at you while chanting.
The magic dart hits you!
* * * LOW HITPOINT WARNING * * *
You miss the orc wizard.
The orc wizard is almost dead.
The orc wizard hits you but does no damage.
Okay, then.
You barely miss the orc wizard.
The orc wizard is almost dead.
The orc wizard hits you but does no damage.
You completely miss the orc wizard.
The orc wizard is almost dead.
The orc wizard barely misses you.
The orc wizard hits you with a +0 dagger.
* * * LOW HITPOINT WARNING * * *
The orc wizard casts a spell at you. The puff of flame hits you.
You die...

.........### ##....# .. ###
...........###.....# .#...#
.........#..#..>...###.....#
.........##.#..##.[....#
...............#...###...#
...................# ##....###..
......††........#..# #....#....
#####..............# #........ #
####.....###..@..# #....... #
#..............o.#####...... #
#.#........#..o............# # #
#......#(........#.......#
##..#.........#............<.#
...##.......#..........#...#.####
#####...........<...∩.∩#...#.....
#...#.......#####......#.o.......
............... #..#∩.∩##........


You could see 2 orc wizards.

Vanquished Creatures
  Sigmund (D:3)
  2 adders
  A dart slug (D:3)
  7 orcs
  8 ball pythons
  10 endoplasms
  3 giant cockroaches
  5 goblins
  6 hobgoblins
  5 jackals (D:3)
  7 kobolds
  2 quokkas (D:1)
  4 bats
  3 frilled lizards
  4 rats
68 creatures vanquished.

Notes
Turn   | Place    | Note
-------+----------+-------------------------------------------
     0 | Abyss:1  | meatgazer the Demonspawn Abyssal Knight began the quest for
                  | the Orb.
     0 | Abyss:1  | Reached XP level 1. HP: 18/18 MP: 2/2
    90 | Abyss:2  | Identified the +0 buckler of the Maze {rCorr SInv}
   106 | Abyss:3  | Noticed a hellion
   106 | Abyss:3  | Noticed a neqoxec
   106 | D:1      | Escaped the Abyss
   230 | D:1      | Reached * piety under Lugonu
   231 | D:1      | Gained mutation: You regenerate magic rapidly. [demonic
                  | ancestry]
   231 | D:1      | Reached XP level 2. HP: 14/24 MP: 4/4
   456 | D:1      | Found a faded altar of an unknown god.
   578 | D:1      | Reached skill level 1 in Shields
   997 | D:1      | Reached XP level 3. HP: 29/29 MP: 5/5
  1221 | D:2      | Reached skill level 2 in Shields
  1490 | D:2      | Reached ** piety under Lugonu
  2745 | D:3      | Found Laskan's Magic Scroll Boutique.
  2781 | D:3      | Reached XP level 4. HP: 35/35 MP: 6/6
  2848 | D:3      | Reached skill level 3 in Shields
  2853 | D:3      | Bought a scroll of enchant armour for 90 gold pieces
  3522 | D:3      | Noticed Sigmund
  3559 | D:3      | Killed Sigmund
  3560 | D:3      | Reached skill level 5 in Shields
  3560 | D:3      | Reached XP level 5. HP: 17/41 MP: 7/7
  4088 | D:3      | HP: 1/41 [orc wizard (3)]
  4089 | D:3      | Killed from afar by an orc wizard

Illustrated notes

Levels and vault maps discovered:
D:1:      eino_arrival_druids_welcome, layout_basic,
          ebering_ecumenical_altar_webs
D:2:      layout_basic, minmay_cupped
D:3:      layout_rooms, serial_shops, nicolae_shop_competitors_out_of_business,
          uniq_sigmund, uniq_crazy_yiuf_cottage

Skill      XL: |  1  2  3  4 |
---------------+-------------+-----
Polearms       | 2 |  2.0
Shields        | 1 2 5 |  5.0
Invocations    | 3 |  3.1
Fighting       | |  3.1
Armour         | |  1.7
Dodging        | |  0.8

Action                   |  1- 3 |  4- 6 || total
-------------------------+-------+-------++-------
Melee: Spear             |   130 |    95 ||   225
Invok: Depart the Abyss  |     1 |       ||     1
  Use: Scroll            |     6 |     1 ||     7
       Potion            |     3 |     1 ||     4
 Stab: Sleeping          |     2 |       ||     2
Armor: Leather armour    |    18 |    36 ||    54
       Skin              |     2 |     8 ||    10
Dodge: Dodged            |    41 |    65 ||   106

Table legend: (Time is in decaauts)
 A = Elapsed time spent in this place.
 B = Non-inter-level travel time spent in this place.
 C = Inter-level travel time spent in this place.
 D = Time resting spent in this place.
 E = Time spent auto-exploring this place.
 F = Levels seen in this place.
 G = Mean time per level.
                   A        B        C        D        E       F      G
               +--------+--------+--------+--------+--------+-----+--------+
         Total |   4091 |   4045 |     46 |   1979 |   1473 |   6 |  681.8 |
       Dungeon |   3986 |   3940 |     46 |   1979 |   1402 |   3 | 1328.7 |
         Abyss |    105 |    105 |      0 |      0 |     71 |   3 |   35.0 |
               +--------+--------+--------+--------+--------+-----+--------+

Top non-repeatable levels by time:
     D:2: 2498 daAuts
     D:1: 1108 daAuts
     D:3: 378 daAuts
 Abyss:1: 80 daAuts
 Abyss:2: 22 daAuts
 Abyss:3: 2 daAuts
